 Dungeon Crawl Stone Soup version 0.31-a0-263-ge8cad7f256 (webtiles) character file.

Game seed: 6057593820654055155

77 qw the Shooter (level 4, -2/36 HPs)
             Began as a Minotaur Hexslinger on July 13, 2023.
             Slain by a gnoll
             ... wielding a +0 whip
              (5 damage)
             ... on level 3 of the Dungeon.
             The game lasted 00:00:34 (1728 turns).

qw the Shooter (Minotaur Hexslinger)                Turns: 1728, Time: 00:00:34

Health: -2/36      AC:  3    Str: 12    XL:     4   Next: 14%
Magic:  4/4        EV: 12    Int: 10    God:
Gold:   91         SH:  0    Dex: 15    Spells: 4/5 levels left

rFire   . . .        Y - +1 sling
rCold   . . .        (no shield)
rNeg    . . .        l - +0 leather armour
rPois   .            (helmet restricted)
rElec   .            g - scarf {repulsion}
rCorr   .            (no gloves)
SInv    +            (no boots)
Will    .....        (no amulet)
Stlth   +            d - ring of see invisible
HPRegen 0.26/turn    (no ring)
MPRegen 0.09/turn

%: repel missiles
@: no status effects
A: horns 2, retaliatory headbutt
a: no special abilities


You were on level 3 of the Dungeon.
You visited 1 branch of the dungeon, and saw 3 of its levels.

You collected 91 gold pieces.


Innate Abilities, Weirdness & Mutations

You have a pair of horns on your head.
You reflexively headbutt those who attack you in melee.


   Skills:
 - Level 2.1 Fighting
 + Level 4.6 Ranged Weapons
 - Level 2.1 Dodging
 - Level 1.0 Spellcasting
 - Level 2.0 Hexes


You had 4 spell levels left.
You knew the following spells:

 Your Spells              Type           Power      Damage    Failure   Level
a - Slow                  Hex            16%        N/A       19%         1

Your spell library contained the following spells:

 Spells                   Type           Power      Damage    Failure   Level
 Inner Flame              Hex/Fire       2%         N/A       65%         3
 Portal Projectile        Hex/Tloc       4%         N/A       65%         3
 Cause Fear               Hex            2%         N/A       88%         4

Inventory:

Hand Weapons
 Y - a +1 sling (weapon)
Armour
 g - a scarf of repulsion (worn)
 l - a +0 leather armour (worn)
Jewellery
 d - a ring of see invisible (left hand)
 k - a ring of fire
Scrolls
 a - a scroll of teleportation
 b - a scroll of revelation {unknown}
 c - a scroll of identify {unknown}
Potions
 e - a potion of brilliance {unknown}
 f - 2 potions of enlightenment {unknown}
 i - a potion of curing

Dungeon Overview and Level Annotations

Branches:
Dungeon (3/15)

Altars:


Message History

A gnoll comes into view. It is wielding a +0 halberd.
You shoot a sling bullet. The gnoll shouts!
The sling bullet hits the gnoll.
The gnoll is lightly wounded.
You shoot a sling bullet.
The sling bullet closely misses the gnoll.
The sling bullet barely misses the gnoll.
The sling bullet hits the gnoll.
The gnoll is heavily wounded.
The gnoll hits you but does no damage.
You shoot a sling bullet. The sling bullet hits the gnoll.
The gnoll is heavily wounded.
The gnoll hits you with a +0 whip.
A gnoll comes into view. It is wielding a +0 club.
An iguana comes into view.
The gnoll hits you with a +0 whip. The gnoll hits you with a +0 flail!
You shoot a sling bullet. The iguana hisses angrily.
The sling bullet hits the gnoll but does no damage.
The gnoll is heavily wounded.
The gnoll barely misses you. x2
You shoot a sling bullet. The sling bullet hits the gnoll.
The gnoll is severely wounded.
The gnoll closely misses you. The gnoll hits you but does no damage.
The gnoll hits you with a +0 whip.
You shoot a sling bullet.
The sling bullet closely misses the gnoll.
The sling bullet completely misses the gnoll.
The sling bullet hits the gnoll.
The gnoll is moderately wounded.
The gnoll barely misses you. You furiously retaliate!
You headbutt the gnoll. The gnoll closely misses you. x2
You shoot a sling bullet.
The sling bullet hits the gnoll but does no damage.
The gnoll is almost dead.
The gnoll completely misses you.
The gnoll hits you from afar with a +0 halberd!
The gnoll hits you with a +0 whip.
You die...

........#
........##
........###
#..l.....#
#........#
#...gg...###.
.######....gg......
.........# #@#
#.........###.#
#.........'...#
#.........#####
............#
##........#.#
#.........#.##.#
#............%...
.....%......###.#


You could see an iguana and 4 gnolls.

Vanquished Creatures
  A hound (D:3)
  An adder (D:3)
  2 dart slugs (D:1)
  4 endoplasms
  2 goblins
  4 hobgoblins
  3 kobolds
  3 quokkas
  3 ball pythons
  8 bats
  2 frilled lizards
  2 rats
35 creatures vanquished.

Notes
Turn   | Place    | Note
-------+----------+-------------------------------------------
     0 | D:1      | qw the Minotaur Hexslinger began the quest for the Orb.
     0 | D:1      | Reached XP level 1. HP: 16/16 MP: 1/1
     0 | D:1      | 0 ||| qw: Version: 0.3-a-52-g30416fa
     0 | D:1      | 0 ||| qw: Game counter: 7475
     0 | D:1      | 0 ||| qw: Melee chars always use a shield: true
     0 | D:1      | 0 ||| qw: God list: Okawaru
     0 | D:1      | 0 ||| qw: Allow faded altars: false
     0 | D:1      | 0 ||| qw: Do Orc after clearing Dungeon:15 true
     0 | D:1      | 0 ||| qw: Do second Lair branch before Depths: true
     0 | D:1      | 0 ||| qw: Lair rune preference: random
     0 | D:1      | 0 ||| qw: Goals: Normal
     0 | D:1      | 0 ||| PLANNING D:1-11
    88 | D:1      | HP: 2/16 [frozen (4)]
   363 | D:1      | Reached skill level 3 in Ranged Weapons
   363 | D:1      | Reached XP level 2. HP: 23/23 MP: 2/2
   860 | D:1      | 860 ||| UPGRADING to scarf of repulsion.
   865 | D:1      | 865 ||| UPGRADING to ring of see invisible.
   866 | D:1      | 866 ||| READING scroll labelled JYEXUKL EFIAMP.
   867 | D:1      | 867 ||| DRINKING 2 coppery potions.
   868 | D:1      | 868 ||| DROPPING scroll of poison.
   963 | D:2      | 963 ||| READING 2 scrolls labelled WOBRUSK MAXIPN.
  1108 | D:2      | Reached XP level 3. HP: 29/29 MP: 3/3
  1227 | D:2      | Found a faded altar of an unknown god.
  1475 | D:2      | 1475 ||| UPGRADING to +0 leather armour.
  1485 | D:2      | 1485 ||| DROPPING +0 robe.
  1486 | D:2      | 1486 ||| READING scroll labelled CUTEUM FIUPHEF.
  1487 | D:2      | 1487 ||| READING scroll labelled SELIXTUAKU.
  1539 | D:2      | 1539 ||| DRINKING 2 clear potions.
  1579 | D:2      | 1579 ||| DROPPING potion of lignification.
  1614 | D:3      | Reached skill level 4 in Ranged Weapons
  1663 | D:3      | Reached XP level 4. HP: 32/36 MP: 4/4
  1728 | D:3      | HP: 3/36 [gnoll/+0 halberd (12)]
  1728 | D:3      | Slain by a gnoll

Levels and vault maps discovered:
D:1:      roderic_octagonal_star, layout_basic, serial_bayou_pond_a,
          hangedman_abyss_or_decor_stabs
D:2:      layout_basic, serial_glass, glass_columns_c, glass_columns_a,
          glass_columns_a, glass_columns_c, glass_columns_b, glass_columns_a,
          glass_columns_a, glass_columns_a, glass_columns_b, glass_columns_b,
          shapermc_ecumenical_altar_mp_ritualfount
D:3:      layout_basic

Skill      XL: |  1  2  3 |
---------------+----------+-----
Ranged Weapons | 3 4 |  4.6
Fighting       | 2 |  2.1
Dodging        | |  2.1
Spellcasting   | |  1.0
Hexes          | |  2.0

Action                     |  1- 3 |  4- 6 || total
---------------------------+-------+-------++-------
   Fire: Sling             |    99 |    14 ||   113
    Use: Scroll            |     4 |       ||     4
         Potion            |     2 |       ||     2
 Armour: Robe              |     8 |       ||     8
         Leather armour    |     1 |     2 ||     3
  Dodge: Dodged            |    34 |     7 ||    41

Table legend:
 A = Non-vault XP
 B = Vault XP
 C = Vault XP percentage of total XP
 D = Non-vault monster count
 E = Vault monster count
 F = Vault count percentage of total count
                 A         B        C        D         E       F
            +---------+---------+-------+---------+---------+-------
      Total |     111 |       0 |   0.0 |      35 |       0 |   0.0
            +---------+---------+-------+---------+---------+-------
        D:1 |      33 |       0 |   0.0 |      18 |       0 |   0.0
        D:2 |      16 |       0 |   0.0 |      11 |       0 |   0.0
        D:3 |      62 |       0 |   0.0 |       6 |       0 |   0.0
            +---------+---------+-------+---------+---------+-------
